 Dungeon Crawl Stone Soup version 0.30-a0-122-g2a1322497e (webtiles) character file.

Game seed: 13335718909060234329

10 NinjaNoafa the Vexing (level 2, 0/21 HPs)
             Began as a Barachi Hexslinger on Sept 16, 2022.
             Slain by a hobgoblin (2 damage)
             ... on level 1 of the Dungeon.
             The game lasted 00:02:29 (487 turns).

NinjaNoafa the Vexing (Barachi Hexslinger)           Turns: 487, Time: 00:02:30

Health: 0/21       AC:  3    Str: 11    XL:     2   Next: 20%
Magic:  4/4        EV: 12    Int: 13    God:
Gold:   0          SH:  0    Dex: 12    Spells: 3/4 levels left

rFire   . . .      SeeInvis .    (no weapon)
rCold   . . .      Faith    .    (no shield)
rNeg    . . .      Spirit   .    c - +0 robe
rPois   .          Reflect  .    (no helmet)
rElec   .          Harm     .    (no cloak)
rCorr   .          Rampage  .    (no gloves)
Will    .....                    b - +0 pair of boots {Stlth+}
Stlth   ++........               (no amulet)
HPRegen 0.07/turn                (no ring)
MPRegen 0.09/turn                (no ring)

@: weak-willed, unable to hop, slow
A: amphibious, slowness 1, strong legs 1, +LOS
a: Hop


You were on level 1 of the Dungeon.
You visited 1 branch of the dungeon, and saw 1 of its levels.

Inventory:

Hand Weapons
 a - a +1 sling
Missiles
 d - 6 stones
Armour
 b - a +0 pair of boots of stealth (worn)
 c - a +0 robe (worn)
Jewellery
 e - an amulet of magic regeneration


   Skills:
 - Level 1.2 Fighting
 * Level 2.3 Ranged Weapons
 - Level 2.1 Dodging
 + Level 1.5 Spellcasting
 + Level 3.5 Hexes


You had 3 spell levels left.
You knew the following spells:

 Your Spells              Type           Power      Damage    Failure   Level
a - Slow                  Hex            40%        N/A       6%          1

Your spell library contained the following spells:

 Spells                   Type           Power      Damage    Failure   Level
 Inner Flame              Hex/Fire       5%         N/A       36%         3
 Portal Projectile        Hex/Tloc       10%        N/A       36%         3
 Cause Fear               Hex            5%         N/A       54%         4


Dungeon Overview and Level Annotations

Branches:
Dungeon (1/15)

Altars:


Innate Abilities, Weirdness & Mutations

You are amphibious.
You cover ground slowly.
You can hop short distances.
You have an extended range of vision and can be seen from far away.


Message History

The hobgoblin misses you.
Casting: Slow (safe; 6% risk of failure)
Confirm with . or Enter, or press ? or * to list all spells.
Aiming: Slow (safe; 6% risk of failure)
Press: ? - help, Shift-Dir - straight line, f/p - hobgoblin
Aim: a hobgoblin (chance to affect: 66%)
The hobgoblin seems to slow down.
The hobgoblin is no longer moving slowly.
A bat comes into view.
The bat barely misses you. The bat closely misses you.
The bat closely misses you. The bat hits you but does no damage.
As you read the scroll labelled NONIHEF EMON, it crumbles to dust.
Magic quickly surges around you.
It was a scroll of vulnerability.
The bat barely misses you. x2
The hobgoblin hits you but does no damage.
The bat attacks as you move away! The bat hits you but does no damage.
Found 2 stones.
The bat hits you.
* * * LOW HITPOINT WARNING * * *
You see here a +0 club.
The hobgoblin attacks as you move away! The hobgoblin barely misses you.
Found a dented emerald amulet.
The hobgoblin barely misses you. The bat closely misses you.
The bat barely misses you.
You shoot a sling bullet. The sling bullet misses the bat.
The bat barely misses you. x2
The hobgoblin hits you but does no damage.
There are no items here.
The hobgoblin attacks as you move away! The hobgoblin closely misses you.
The bat hits you but does no damage.
You see here an amulet of magic regeneration.
e - an amulet of magic regeneration The hobgoblin barely misses you.
Okay, then.
You are now empty-handed.
You barely miss the hobgoblin.
The hobgoblin is moderately wounded.
The hobgoblin closely misses you. The hobgoblin hits you.
You die...

.
#####.#####.#
....######).#
#.# #....#...#
### ###.#...#
#.# #(..#!..#
#....#.#.###.#
#.......##
#.###.#g#....
#. #bg@# #
#.### ..#. ###
#


You could see 2 hobgoblins and a bat (weak-willed).

Vanquished Creatures
  An endoplasm (D:1)
  A giant cockroach (D:1)
  2 hobgoblins (D:1)
  A quokka (D:1)
  3 goblins (D:1)
8 creatures vanquished.

Notes
Turn   | Place    | Note
-------+----------+-------------------------------------------
     0 | D:1      | NinjaNoafa the Barachi Hexslinger began the quest for the
                  | Orb.
     0 | D:1      | Reached XP level 1. HP: 15/15 MP: 2/2
   379 | D:1      | Reached XP level 2. HP: 21/21 MP: 4/4
   463 | D:1      | HP: 1/21 [hobgoblin (4)]
   475 | D:1      | HP: 1/21 [bat (1)]
   487 | D:1      | Slain by a hobgoblin

Illustrated notes

Levels and vault maps discovered:
D:1:      lemuel_arrival_cross, layout_basic, ebering_ecumenical_altar_hall,
          minmay_pentomino_v4

Action                   || total
-------------------------++-------
Melee: Unarmed           ||     1
 Fire: Sling             ||    46
 Cast: Slow              ||     8
 Abil: Hop               ||     1
  Use: Scroll            ||     2
Armor: Robe              ||    10
Dodge: Dodged            ||    30

Table legend: (Time is in decaauts)
 A = Elapsed time spent in this place.
 B = Non-inter-level travel time spent in this place.
 C = Inter-level travel time spent in this place.
 D = Time resting spent in this place.
 E = Time spent auto-exploring this place.
 F = Levels seen in this place.
 G = Mean time per level.
                   A        B        C        D        E       F      G
               +--------+--------+--------+--------+--------+-----+--------+
         Total |    538 |    538 |      0 |      0 |    355 |   1 |  538.0 |
       Dungeon |    538 |    538 |      0 |      0 |    355 |   1 |  538.0 |
               +--------+--------+--------+--------+--------+-----+--------+

Top non-repeatable levels by time:
     D:1: 538 daAuts
